 Dungeon Crawl Stone Soup version 0.31-a0-175-g9f7f995f2b (webtiles) character file.

Game seed: 17940497034493313424

81 qw the Shooter (level 4, -6/28 HPs)
             Began as a Gargoyle Hunter on June 17, 2023.
             Mangled by an ogre
             ... wielding a +0 giant spiked club
              (30 damage)
             ... on level 3 of the Dungeon.
             The game lasted 00:00:34 (1682 turns).

qw the Shooter (Gargoyle Hunter)                    Turns: 1682, Time: 00:00:35

Health: -6/28      AC: 10    Str: 15      XL:     4   Next: 42%
Magic:  4/4        EV: 11    Int:  6 (9)  God:
Gold:   145        SH:  0    Dex: 14 (15) Spells: 3/3 levels left

rFire   . . .        Y - +0 shortbow
rCold   . . .        (shield currently unavailable)
rNeg    + . .        i - +0 ring mail
rPois   inf          (no helmet)
rElec   +            (no cloak)
rCorr   .            e - +0 pair of gloves
SInv    .            j - +0 pair of boots
Will    .....        (no amulet)
Stlth   +            (no ring)
HPRegen 0.24/turn    (no ring)
MPRegen 0.09/turn

%: no passive effects
@: no status effects
A: sickness immunity, AC +3, negative energy resistance 1, electricity
resistance, torment resistance 1, petrification resistance
a: no special abilities


You were on level 3 of the Dungeon.
You visited 1 branch of the dungeon, and saw 3 of its levels.

You collected 145 gold pieces.


Innate Abilities, Weirdness & Mutations

You are immune to sickness and miasma.
Your stone body is resilient. (AC +3)
You are immune to poison.
You resist negative energy. (rN+)
You are resistant to electric shocks. (rElec)
You are resistant to unholy torment.
You are immune to petrification.


   Skills:
 - Level 3.0 Fighting
 + Level 5.2 Ranged Weapons
 - Level 1.1 Armour
 - Level 1.5 Dodging
 - Level 1.1 Stealth


You had 3 spell levels left.
You didn't know any spells.
Your spell library was empty.

Inventory:

Hand Weapons
 Y - a +0 shortbow (weapon)
Armour
 e - a +0 pair of gloves (worn)
 i - a +0 ring mail (worn)
 j - a +0 pair of boots (worn)
Jewellery
 d - a ring of fire
Scrolls
 b - 2 scrolls of teleportation
Potions
 f - a potion of heal wounds
 g - a potion of berserk rage {unknown}
 k - a potion of magic {unknown}
 l - a potion of might {unknown}

Dungeon Overview and Level Annotations

Branches:
Dungeon (3/15)

Altars:
Fedhas

Shops:
D:2 :


Message History

The goblin shouts!
You shoot an arrow. The arrow hits the goblin.
You kill the goblin!
You open the door.
An ogre and 8 goblins come into view.
The goblin shouts! x4; The ogre shouts!
The goblin shouts! x4
Found 8 large rocks.
Enter note:
Enter note: You shoot an arrow.
The arrow hits the goblin but does no damage.
The goblin hits you but does no damage.
You shoot an arrow. The arrow hits the goblin.
The goblin is severely wounded.
You shoot an arrow. The arrow closely misses the goblin.
The goblin hits you but does no damage.
You shoot an arrow. The arrow hits the goblin!
You kill the goblin!
The goblin closely misses you.
You shoot an arrow. The arrow hits the goblin!
You kill the goblin!
The goblin hits you with a +0 club.
You shoot an arrow. The arrow closely misses the goblin.
The arrow hits the goblin.
You kill the goblin!
The goblin hits you but does no damage.
You shoot an arrow. The arrow hits the goblin!
You kill the goblin!
The goblin closely misses you.
You shoot an arrow. The arrow hits the goblin.
The goblin is severely wounded.
The goblin hits you but does no damage. x3; The goblin hits you with a +0 club.
You shoot an arrow. The arrow barely misses the goblin.
The arrow hits the ogre.
The ogre is moderately wounded.
The goblin hits you but does no damage.
You shoot an arrow. The arrow barely misses the goblin.
The goblin barely misses you. The goblin misses you.
The ogre hits you with a +0 giant spiked club!!
Ouch! That really hurt!
You die...

#.........##.#.#.#..<....####
#.#.##..#.#.##..............#
#.#.##..#.##.###.#.......##.#
#.#.....#.###.#.##.......##.#
#.#..##.#.####.###)#.....##.#
#.......#.##.....#.##..#.##.#
###.......##.....#.###.#.##.#
#......####.....#..........#
#.#.##.# #g@g..#######.####
#.#.##.# ##O##.## #.#
#.#..#.# gg.#..# #.# #.##.#.#
#.(.##.# #.# #.##.#.#
#...##.######.# #.<....#
######.........#
####.#####.####..########
#....)..........#
#######.......#.#


You could see an ogre and 4 goblins.

Vanquished Creatures
  3 gnolls (D:3)
  An adder (D:2)
  2 dart slugs
  3 bats
  2 endoplasms
  A giant cockroach (D:1)
  11 goblins
  5 hobgoblins
  A quokka (D:1)
  3 ball pythons
  2 frilled lizards
  A kobold (D:1)
  A rat (D:2)
36 creatures vanquished.

Notes
Turn   | Place    | Note
-------+----------+-------------------------------------------
     0 | D:1      | qw the Gargoyle Hunter began the quest for the Orb.
     0 | D:1      | Reached XP level 1. HP: 12/12 MP: 1/1
     0 | D:1      | 0 ||| qw: Version: 0.3-a-2-g5ab2908
     0 | D:1      | 0 ||| qw: Game counter: 231
     0 | D:1      | 0 ||| qw: Always use a shield: true
     0 | D:1      | 0 ||| qw: God list: Okawaru
     0 | D:1      | 0 ||| qw: Allow faded altars: false
     0 | D:1      | 0 ||| qw: Do Orc after D:15 true
     0 | D:1      | 0 ||| qw: Do second Lair branch before Depths: true
     0 | D:1      | 0 ||| qw: Lair rune preference: random
     0 | D:1      | 0 ||| qw: Plans: Normal, Zot:1-4, Slime:5, God:TSO, Crypt,
                  | Tomb, Abyss, Pan, Hells, Win
     0 | D:1      | 0 ||| PLANNING D:1-11
    73 | D:1      | 73 ||| FLEEEEING.
    75 | D:1      | 75 ||| FLEEEEING.
    76 | D:1      | 76 ||| FLEEEEING.
    77 | D:1      | 77 ||| FLEEEEING.
    78 | D:1      | 78 ||| FLEEEEING.
    80 | D:1      | Reached XP level 2. HP: 16/17 MP: 2/2
   625 | D:1      | 625 ||| UPGRADING to +0 pair of gloves.
   630 | D:1      | 630 ||| READING scroll labelled FOGOUCSINK.
   631 | D:1      | 631 ||| READING 3 scrolls labelled XIMNIM EMUKY.
   632 | D:1      | 632 ||| READING scroll labelled RUKODGH ADAOQY.
   633 | D:1      | 633 ||| READING scroll labelled GOONLY PALUTEG.
   634 | D:1      | 634 ||| DRINKING 2 fizzy emerald potions.
   635 | D:1      | 635 ||| DROPPING scroll of butterflies.
   636 | D:1      | 636 ||| DROPPING 2 scrolls of summoning.
   637 | D:1      | 637 ||| DROPPING potion of degeneration.
   813 | D:2      | Found a blossoming altar of Fedhas.
   881 | D:2      | Reached skill level 5 in Ranged Weapons
   881 | D:2      | Reached XP level 3. HP: 21/21 MP: 3/3
   939 | D:2      | Found Gylob's Book Emporium.
  1270 | D:2      | Found a faded altar of an unknown god.
  1428 | D:2      | 1428 ||| UPGRADING to +0 ring mail.
  1438 | D:2      | 1438 ||| DROPPING +0 leather armour.
  1439 | D:2      | 1439 ||| UPGRADING to +0 pair of boots.
  1444 | D:2      | 1444 ||| DROPPING +6 ring of intelligence.
  1445 | D:2      | 1445 ||| READING 3 scrolls labelled DIQIACR AGOO.
  1448 | D:2      | 1448 ||| READING scroll labelled XADUOTS POMAI.
  1449 | D:2      | 1449 ||| DRINKING 2 purple potions.
  1519 | D:3      | Reached skill level 1 in Armour
  1528 | D:3      | Reached skill level 3 in Fighting
  1528 | D:3      | Reached XP level 4. HP: 28/28 MP: 4/4
  1672 | D:3      | Noticed an ogre
  1682 | D:3      | Mangled by an ogre

Levels and vault maps discovered:
D:1:      sevenhm_arrival_forest_fort_small_6, layout_basic
D:2:      layout_loops_ring, chequers_ecumenical_altar_island, serial_shops,
          shop, basic_altar, corexii_corridor_pit, columned_hall_lemuel
D:3:      minmay_general_purpose_star, layout_loops_cross, minmay_ogre_servants,
          uniq_sigmund

Skill      XL: |  1  2  3 |
---------------+----------+-----
Ranged Weapons | 5 |  5.2
Armour         | 1 |  1.1
Fighting       | 3 |  3.0
Dodging        | |  1.5
Stealth        | |  1.1

Action                     |  1- 3 |  4- 6 || total
---------------------------+-------+-------++-------
   Fire: Shortbow          |    92 |    25 ||   117
    Use: Scroll            |     6 |       ||     6
         Potion            |     2 |       ||     2
 Armour: Leather armour    |     7 |       ||     7
         Ring mail         |     5 |    13 ||    18
  Dodge: Dodged            |    20 |    10 ||    30

Table legend:
 A = Non-vault XP
 B = Vault XP
 C = Vault XP percentage of total XP
 D = Non-vault monster count
 E = Vault monster count
 F = Vault count percentage of total count
                 A         B        C        D         E       F
            +---------+---------+-------+---------+---------+-------
      Total |     109 |       8 |   6.8 |      32 |       4 |  11.1
            +---------+---------+-------+---------+---------+-------
        D:1 |      23 |       0 |   0.0 |      12 |       0 |   0.0
        D:2 |      38 |       0 |   0.0 |      14 |       0 |   0.0
        D:3 |      48 |       8 |  14.3 |       6 |       4 |  40.0
            +---------+---------+-------+---------+---------+-------
